 Dungeon Crawl Stone Soup version 0.31-a0-963-ga325b2283a (webtiles) character file.

Game seed: 14911498136345508636

1845 promet the Covert (level 9, 0/62 HPs)
             Began as an Octopode Brigand on Oct 24, 2023.
             Was a Believer of Wu Jian.
             Slain by a troll (5 damage)
             ... on level 7 of the Dungeon.
             The game lasted 00:34:23 (6910 turns).

promet the Covert (Octopode Brigand)                Turns: 6910, Time: 00:34:24

Health: 0/62       AC:  3    Str: 11    XL:     9   Next: 12%
Magic:  9/9        EV: 14    Int: 13    God:    Wu Jian [**....]
Gold:   221        SH:  0    Dex: 17    Spells: 4/8 levels left

rFire   . . .        c - +0 war axe
rCold   . . .        (no shield)
rNeg    + . .        n - +2 hat
rPois   .            k - amulet of the acrobat
rElec   .            q - ring of positive energy
rCorr   .            (no ring)
SInv    .            (no ring)
Will    .....        (no ring)
Stlth   +++++        (no ring)
HPRegen 0.30/turn    (no ring)
MPRegen 0.11/turn    (no ring)
                     (no ring)

%: acrobat
@: no status effects
A: almost no armour, amphibious, 8 rings, camouflage 1, gelatinous body 1,
(nimble swimmer 1), tentacles, subdued magic 1
a: Renounce Religion, Wall Jump


You were on level 7 of the Dungeon.
You worshipped Wu Jian.
Wu Jian was pleased with you.
You visited 1 branch of the dungeon, and saw 7 of its levels.

You collected 221 gold pieces.

Inventory:

Hand Weapons
 a - the +0 short sword of Atsym {freeze, Stlth+}
   (You found it on level 7 of the Dungeon)

   Stlth+:    It makes you more stealthy.
 b - a +0 orcbow
 c - a +0 war axe (weapon)
 e - a +2 dagger
 i - a +0 dagger of speed
 z - a +2 short sword of venom
Missiles
 d - 49 stones
 f - 11 poisoned darts (quivered)
 p - 3 javelins
 s - 2 curare-tipped darts
Armour
 n - a +2 hat (worn)
Jewellery
 k - an amulet of the acrobat (around mantle)
 q - a ring of positive energy (left tentacle)
Wands
 h - a wand of mindburst (3)
 j - a wand of iceblast (3)
 m - a wand of flame (23)
 o - a wand of charming (3)
Scrolls
 r - a scroll of fear
 t - a scroll of blinking {unknown}
 u - a scroll of torment
 x - a scroll of enchant armour {unknown}
 y - a scroll of amnesia
Potions
 g - a potion of haste
 l - a potion of heal wounds
 v - a potion of enlightenment
 w - a potion of brilliance {unknown}


   Skills:
 * Level 6.3 Fighting
 + Level 4.6 Short Blades
 + Level 1.6 Axes
 + Level 4.6 Ranged Weapons
 + Level 2.7 Throwing
 + Level 3.4 Dodging
 + Level 9.7 Stealth
 * Level 0.9 Air Magic
 + Level 0.1 Evocations


You had 4 spell levels left.
You knew the following spells:

 Your Spells              Type           Power      Damage    Failure   Level
a - Vhi's Electric Charg  Tloc/Air       0%         N/A       93%         4

Your spell library contained the following spells:

 Spells                   Type           Power      Damage    Failure   Level
 Arcjolt                  Conj/Air       0%         1d10      100%        5
 Maxwell's Capacitive Co  Air            0%         ∞         100%        8


Dungeon Overview and Level Annotations

Branches:
Dungeon (7/15)
 Temple: D:4-7

Altars:
Fedhas
Makhleb
Qazlal
Wu Jian

Shops:
D:6 [

Annotations:
D:4 3 runed translucent doors, Forgeling's ghost, amateur BaWr


Innate Abilities, Weirdness & Mutations

You cannot wear most types of armour.
You are amphibious.
You can wear up to eight rings at the same time.
Your skin changes colour to match your surroundings (Stealth+).
Your rubbery body absorbs attacks. (AC +1, EV +1)
((You are camouflaged when in or above water. (Stealth+)))
You have tentacles for arms and can constrict up to eight enemies at once.
Your spells are a little easier to cast, but a little less powerful.


Message History

The +0 short sword of Atsym {freeze, Stlth+} glows with a cold blue light!
a - the +0 short sword of Atsym (weapon)
{freeze, Stlth+} A troll comes into view.
Found a ring mail.
You lunge at the troll, in a flurry of attacks.
You hit the troll. You freeze the troll. Your squeeze misses the troll.
The troll is lightly wounded.
You hit the troll. You freeze the troll. You squeeze the troll.
The troll is lightly wounded.
The troll closely misses you. The troll claws you!
The troll claws you but does no damage.
The +0 short sword of Atsym {freeze, Stlth+} stops glowing.
Your +2 short sword of venom begins to drip with poison!
z - a +2 short sword of venom (weapon)
You closely miss the troll. Your squeeze misses the troll.
The troll is lightly wounded.
The troll closely misses you. The troll barely misses you.
The troll completely misses you.
You hit the troll but do no damage.
The troll is poisoned.
The troll is lightly wounded.
The troll barely misses you. The troll misses you. The troll claws you!
Your +2 short sword of venom stops dripping with poison.
c - a +0 war axe (weapon)
You hit the troll. You squeeze the troll.
The troll is moderately wounded.
The troll bites you!
The troll closely misses you. x2; The troll misses you.
The troll claws you but does no damage. The troll claws you!
You slash the troll!
The troll is heavily wounded.
The troll misses you. x2; The troll claws you.
You slash the troll!
The troll is almost dead.
The troll barely misses you. The troll claws you!
* * * LOW HITPOINT WARNING * * *
The troll closely misses you. The troll bites you.
* * * LOW HITPOINT WARNING * * *
The troll claws you.
* * * LOW HITPOINT WARNING * * *
The troll claws you.
You die...

##########
##........######
#..............#
#.#.##########.## #
#...@T[....#..######
#.########.#.......#
#.# #...<...## #.#
#......... ..#
#...##.#.. ..#
#..###.#.. ...# #..#
#.#.. ... #..# #.#..
#..# #.#..


You could see a troll (poisoned).

Vanquished Creatures
  Prince Ribbit (D:7)
  A steam dragon (D:6)
  Menkaure (D:4)
  A water moccasin (D:5)
  Duvessa (D:6)
  An ice beast (D:5)
  A black bear (D:6)
  A centaur (D:6)
  A phantom (D:6)
  2 scorpions
  Dowan (D:6)
  2 howler monkeys
  7 hounds
  2 jellies (D:6)
  2 orc priests (D:5)
  2 iguanas
  13 adders
  2 white imps
  2 ufetubi (D:6)
  4 dart slugs
  15 orcs
  5 ball pythons
  5 bats
  4 endoplasms
  4 giant cockroaches
  4 hobgoblins
  2 jackals (D:3)
  7 kobolds
  4 quokkas
  4 frilled lizards
  4 goblins
  4 rats
110 creatures vanquished.

Notes
Turn   | Place    | Note
-------+----------+-------------------------------------------
     0 | D:1      | promet the Octopode Brigand began the quest for the Orb.
     0 | D:1      | Reached XP level 1. HP: 14/14 MP: 1/1
    53 | D:1      | You fall into a shaft and drop 1 floor!
    80 | D:2      | Reached XP level 2. HP: 8/19 MP: 2/2
   260 | D:2      | Reached skill level 6 in Stealth
   339 | D:2      | Found an ornate altar of the Wu Jian Council.
   350 | D:2      | Became a worshipper of the Wu Jian Council
   359 | D:2      | Reached XP level 3. HP: 25/25 MP: 3/3
   897 | D:2      | Reached XP level 4. HP: 30/30 MP: 4/4
  1023 | D:2      | Reached * piety under Wu Jian
  1514 | D:3      | Reached skill level 1 in Ranged Weapons
  2203 | D:3      | Gained mutation: Your spells are a little easier to cast,
                  | but a little less powerful. [potion of mutation]
  2252 | D:3      | Reached XP level 5. HP: 36/36 MP: 5/5
  2908 | D:4      | Noticed Menkaure
  3036 | D:4      | Killed Menkaure
  3037 | D:4      | Reached XP level 6. HP: 42/42 MP: 6/6
  3158 | D:4      | Reached skill level 7 in Stealth
  3418 | D:4      | Found a runed translucent gate.
  3421 | D:4      | Found a runed translucent gate.
  3428 | D:4      | Noticed Forgeling's ghost (amateur BaWr)
  3529 | D:4      | Found a runed translucent gate.
  3542 | D:4      | Found Jakkiank's Magic Scroll Emporium.
  3838 | D:5      | Entered Level 5 of the Dungeon
  3865 | D:5      | Reached XP level 7. HP: 43/47 MP: 7/7
  4567 | D:5      | Reached skill level 8 in Stealth
  5299 | D:6      | Noticed Dowan
  5300 | D:6      | Noticed Duvessa
  5464 | D:6      | Found Qeemu's Antique Armour Emporium.
  5471 | D:6      | Reached XP level 8. HP: 54/54 MP: 8/8
  5859 | D:6      | Killed Duvessa
  5860 | D:6      | Reached skill level 5 in Fighting
  5860 | D:6      | Reached skill level 9 in Stealth
  5879 | D:6      | Killed Dowan
  6172 | D:6      | Reached ** piety under Wu Jian
  6420 | D:6      | Found a burning altar of Makhleb.
  6434 | D:6      | Reached skill level 1 in Axes
  6465 | D:6      | Found a stormy altar of Qazlal.
  6468 | D:6      | Identified the +1 falchion of Onwuobra {distort, rPois rN+
                  | Str+7 Dex-5}
  6560 | D:6      | Found a blossoming altar of Fedhas.
  6611 | D:7      | Reached XP level 9. HP: 45/62 MP: 9/9
  6773 | D:7      | Learned a level 4 spell: Vhi's Electric Charge
  6807 | D:7      | Noticed Prince Ribbit
  6842 | D:7      | Killed Prince Ribbit
  6881 | D:7      | Identified the +0 short sword of Atsym {freeze, Stlth+}
  6900 | D:7      | Noticed a troll
  6910 | D:7      | Slain by a troll

Illustrated notes

Levels and vault maps discovered:
D:1:      tarquinn_simple_flora_water_c, layout_loops_corners,
          grunt_decor_one_mirror, kennysheep_boxes
D:2:      layout_basic, basic_altar, minmay_ruptured
D:3:      layout_loops_cross, serial_bayou, serial_bayou_crossing,
          serial_bayou_pond_e, serial_bayou_lagoon_a, serial_bayou_ford_a,
          serial_bayou_pond_e, serial_bayou_lake_a
D:4:      layout_loops_corners, gammafunk_ghost_split, serial_shops,
          nicolae_shop_peninsula, uniq_menkaure
D:5:      layout_loops_cross, nicolae_nh_ransacked_shop
D:6:      layout_basic, makhleb_heckhound_becter,
          grunt_temple_overflow_forces_of_nature, serial_shops, shop,
          uniq_duvessa
D:7:      layout_rooms, minmay_temple_entry_fiery, kennysheep_nub,
          dk_vineyard_1, minivault_5, uniq_prince_ribbit1

Skill      XL: |  1  2  3  4  5  6  7  8 |
---------------+-------------------------+-----
Stealth        | 6 7 8 9 |  9.7
Fighting       | 3 4 6 |  6.3
Ranged Weapons | 1 2 3 4 |  4.6
Short Blades   | 3 4 |  4.6
Dodging        | 2 3 |  3.4
Axes           | 1 |  1.6
Throwing       | |  2.7
Air Magic      | |  0.9
Evocations     | |  0.1

Action                     |  1- 3 |  4- 6 |  7- 9 || total
---------------------------+-------+-------+-------++-------
  Melee: Dagger            |    46 |    82 |    60 ||   188
         Constrict         |    14 |    17 |    16 ||    47
         Tentacles         |    11 |    24 |    27 ||    62
         Punch             |       |     1 |     2 ||     3
         War axe           |       |       |    30 ||    30
         Short sword       |       |       |    33 ||    33
   Fire: Orcbow            |    13 |    40 |    27 ||    80
  Throw: Dart              |     4 |       |    20 ||    24
         Javelin           |       |       |     1 ||     1
Ability: Lunge             |     1 |     4 |     7 ||    12
         Whirlwind         |       |     2 |       ||     2
  Evoke: Wand              |       |       |     3 ||     3
    Use: Scroll            |     3 |     6 |     3 ||    12
         Potion            |       |     1 |     3 ||     4
   Stab: Sleeping          |     4 |     9 |     9 ||    22
 Armour: Skin              |    21 |    26 |    76 ||   123
  Dodge: Dodged            |    26 |    55 |    98 ||   179

Table legend: (Time is in decaauts)
 A = Elapsed time spent in this place.
 B = Non-inter-level travel time spent in this place.
 C = Inter-level travel time spent in this place.
 D = Time resting spent in this place.
 E = Time spent auto-exploring this place.
 F = Levels seen in this place.
 G = Mean time per level.
                   A        B        C        D        E       F      G
               +--------+--------+--------+--------+--------+-----+--------+
         Total |   6878 |   6773 |    105 |   2575 |   1775 |   7 |  982.6 |
       Dungeon |   6878 |   6773 |    105 |   2575 |   1775 |   7 |  982.6 |
               +--------+--------+--------+--------+--------+-----+--------+

Top non-repeatable levels by time:
     D:5: 1580 daAuts
     D:3: 1576 daAuts
     D:2: 1252 daAuts
     D:6: 1142 daAuts
     D:4: 954 daAuts
     D:7: 319 daAuts
     D:1: 52 daAuts
